 Dungeon Crawl Stone Soup version 0.29-a0-330-g52719c12eb (webtiles) character file.

Game seed: 15829824706821177070

22510 kae the Transmogrifier (level 12, -14/121 HPs)
             Began as a Demigod Transmuter on Apr 23, 2022.
             Demolished by a komodo dragon (23 damage)
             ... on level 6 of the Lair of Beasts.
             The game lasted 00:12:59 (22499 turns).

kae the Transmogrifier (Demigod Transmuter)        Turns: 22499, Time: 00:13:00

Health: -14/121    AC: 11    Str: 19    XL:     12   Next: 32%
Magic:  24/28      EV: 11    Int: 23    God:
Gold:   1915       SH:  0    Dex: 14    Spells: 17/27 levels left

rFire   x . .      SeeInvis .     - Unarmed
rCold   + + +      Faith    .   (shield currently unavailable)
rNeg    . . .      Spirit   .   (body armour currently unavailable)
rPois   +          Reflect  .   (helmet currently unavailable)
rElec   .          Harm     .   (cloak currently unavailable)
rCorr   .          Rampage  .   (gloves currently unavailable)
Will    +....                   (boots currently unavailable)
Stlth   +++.......              (no amulet)
HPRegen 0.30/turn               v - ring of Shadows {Umbra +Inv Stlth+}
MPRegen 0.21/turn               m - ring of wizardry

@: ice-form, wereblooded, wreathed by umbra
A: freezing attack, amphibious, boosted hp, large, high MP 1, forlorn, divine
attributes
a: End Transformation, Evoke Invisibility


You were on level 6 of the Lair of Beasts.
You were a creature of crystalline ice.
You visited 3 branches of the dungeon, and saw 16 of its levels.
You also visited: Ossuary.

You collected 1915 gold pieces.

Inventory:

Missiles
 q - a throwing net
Armour
 x - the +2 robe "Meshrune" (melded) {Slay+2}
   (You found it on level 7 of the Dungeon)

   Slay:      It affects your accuracy & damage with ranged weapons and melee
   (+2).
 C - +0 acid dragon scales
Jewellery
 i - a ring of flight
 m - a ring of wizardry (right front paw)
 v - the ring of Shadows (left front paw) {Umbra +Inv Stlth+}
   (You found it on level 6 of the Dungeon)

   [ring of stealth]

   It surrounds you with an aura of shadow, increasing your stealth and reducing
   the accuracy of all others within it.
   +Inv:      It lets you turn invisible.
   Stlth:     It makes you more stealthy.
 G - a ring of protection from fire
 J - a ring of fire
Wands
 f - a wand of iceblast (13)
 r - a wand of flame (26)
 t - a wand of mindburst (38)
 z - a wand of paralysis (8)
 H - a wand of acid (9)
 I - a wand of digging (6)
Scrolls
 a - 2 scrolls of blinking
 e - 2 scrolls of immolation
 l - 2 scrolls of vulnerability
 s - 6 scrolls of teleportation
 y - 2 scrolls of identify
 A - 6 scrolls of enchant weapon
 B - 4 scrolls of magic mapping
 D - a scroll of summoning
 E - 3 scrolls of amnesia
 K - a scroll of silence
 L - a scroll of fog
Potions
 b - 4 potions of lignification
 c - a potion of ambrosia
 d - 4 potions of might
 g - 3 potions of resistance
 h - 4 potions of curing
 j - 6 potions of heal wounds
 k - a potion of cancellation
 n - 3 potions of degeneration
 o - 2 potions of haste
 p - a potion of magic
 u - 4 potions of attraction
 w - a potion of mutation
 F - a potion of berserk rage


   Skills:
 - Level 7.6 Fighting
 + Level 4.7 Dodging
 - Level 8.1 Unarmed Combat
 - Level 8.0 Spellcasting
 - Level 11.0 Transmutations
 - Level 8.0 Ice Magic
 - Level 2.0 Poison Magic


You had 17 spell levels left.
You knew the following spells:

 Your Spells              Type           Power      Damage    Failure   Level
a - Beastly Appendage     Tmut           100%       N/A       1%          1
b - Wereblood             Tmut           56%        N/A       1%          2
c - Spider Form           Tmut/Pois      39%        N/A       1%          3
d - Ice Form              Ice/Tmut       52%        N/A       1%          4

Your spell library contained the following spells:

 Spells                   Type           Power      Damage    Failure   Level
 Sting                    Tmut/Pois      100%       1d8       1%          1
 Poisonous Vapours        Pois/Air       26%        N/A       2%          2
 Tukima's Dance           Hex            9%         N/A       9%          3
 Yara's Violent Unravell  Hex/Tmut       17%        3d8       9%          5
 Olgreb's Toxic Radiance  Pois           18%        N/A       12%         4
 Anguish                  Hex/Necr       4%         N/A       26%         4
 Passage of Golubria      Tloc           9%         N/A       26%         4
 Enfeeble                 Hex            4%         N/A       100%        7


Dungeon Overview and Level Annotations

Branches:
Dungeon (10/15)            Temple (1/1) D:7            Lair (4/6) D:8
 Spider (0/4) Lair:3      Ossuary (visited)
  Swamp: Lair:2-4    Shoals: Lair:2-4       Orc: D:9-12

Shops:
D:6 *   D:10 *

Annotations:
D:3 2 runed translucent doors, anonymous's ghost, weakling TeAE
D:5 1 runed translucent door, kae's ghost, novice DgFE
D:10 exclusions: centaur and yaktaur
Lair:3 3 runed translucent doors, Vias's ghost, journeyman DsWn
Lair:4 exclusions: 2 dream sheep and 2 oklob plants, Sonja


Innate Abilities, Weirdness & Mutations

You are a creature of crystalline ice.
You have a powerful freezing melee attack.
You are amphibious.
Your maximum health is increased.
Your armour is entirely melded.
You are incapable of wielding weapons or throwing items.
You have an increased reservoir of magic. (+10% MP)
You shall have no god before yourself.
Your divine heritage dramatically boosts your attributes as you level up.


Message History

The water moccasin bites you but does no damage.
The cane toad barely misses you. The komodo dragon bites you!
You hit the water moccasin.
The water moccasin seems to slow down.
You freeze the water moccasin.
The water moccasin is almost dead.
A nearby fungus withers and dies.
The cane toad stings you but does no damage.
The water moccasin bites you but does no damage.
The komodo dragon bites you!!
You closely miss the water moccasin.
The water moccasin is almost dead.
The cane toad stings you! The water moccasin closely misses you.
The komodo dragon barely misses you.
The wyvern hisses angrily.
You pummel the water moccasin!!
The water moccasin seems to slow down.
You freeze the water moccasin.
You feel a bit better.
You kill the water moccasin!
The cane toad stings you!!
The komodo dragon bites you but does no damage.
You pummel the cane toad!! You freeze the cane toad.
The cane toad is severely wounded.
The cane toad closely misses you.
You barely miss the cane toad.
The cane toad is severely wounded.
The cane toad stings you!
The komodo dragon bites you but does no damage.
The wyvern bites you but does no damage.
You barely miss the cane toad.
The cane toad is severely wounded.
The wyvern closely misses you.
The cane toad stings you but does no damage.
The komodo dragon bites you!!
* * * LOW HITPOINT WARNING * * *
You hit the cane toad.
The cane toad seems to slow down.
You freeze the cane toad.
The cane toad is severely wounded.
The wyvern misses you. The cane toad stings you!!
* * * LOW HITPOINT WARNING * * *
The komodo dragon bites you!!
You die...

#≈.. .
≈..###### ≈≈
...P...##
≈#.#.....(.#
≈≈..P......###
≈≈...........##
#..l.#.....#
#YF..#.#
#.l....#
l...........#
≈≈P#.PP....## #
#PPP...##
#####.## .# ##


You could see a komodo dragon, a cane toad (slow) and a wyvern.

Vanquished Creatures
  4 hydras
  A two-headed ogre (D:9)
  A catoblepas (Lair:2)
  4 death yaks (Lair:3)
  A black mamba (Lair:2)
  4 elephants (Lair:4)
  A torpor snail (Lair:3)
  A gargoyle (D:7)
  3 cane toads
  A freezing wraith (D:9)
  4 komodo dragons
  2 polar bears (Lair:1)
  2 hornets (D:7)
  A troll (D:9)
  8 blink frogs
  3 dream sheep (Lair:3)
  2 wraiths (Ossuary)
  13 yaks
  2 shadows (D:10)
  A vampire (D:9)
  A steam dragon (D:8)
  2 basilisks
  2 vampire mosquitoes (D:10)
  An acid dragon (D:8)
  14 water moccasins
  An ice beast (D:6)
  3 orc warriors
  2 black bears
  3 sky beasts
  2 ogres
  12 wolves
  4 centaurs
  2 phantoms
  3 kobold brigands
  10 bullfrogs
  3 scorpions
  3 wights (Ossuary)
  A howler monkey (D:7)
  2 jellies
  3 hounds
  A gnoll shaman (D:5)
  4 orc priests
  Jessica (D:3)
  Natasha (thrice) (D:4)
  2 iguanas
  4 orc wizards
  9 gnolls
  7 adders
  3 river rats (D:6)
  A shadow imp (D:5)
  A white imp (D:7)
  2 adder zombies (Ossuary)
  4 worms
  3 dart slugs
  24 orcs
  6 ball pythons
  4 endoplasms
  3 hobgoblins
  3 jackals (D:3)
  16 kobolds
  A quokka (D:2)
  5 bats
  A frilled lizard (D:2)
  7 goblins
  A hobgoblin skeleton (Ossuary)
  2 hobgoblin zombies (Ossuary)
  3 orc zombies (Ossuary)
  12 rats
266 creatures vanquished.

Vanquished Creatures (others)
  15 fungi
  26 plants
41 creatures vanquished.

Grand Total: 307 creatures vanquished

Notes
Turn   | Place    | Note
-------+----------+-------------------------------------------
     0 | D:1      | kae the Demigod Transmuter began the quest for the Orb.
     0 | D:1      | Reached XP level 1. HP: 15/15 MP: 5/5
   375 | D:1      | Reached skill level 1 in Fighting
   540 | D:1      | Reached skill level 2 in Transmutations
   718 | D:1      | Reached XP level 2. HP: 23/23 MP: 5/7
  1989 | D:2      | You fall into a shaft and drop 1 floor!
  2006 | D:3      | Noticed Jessica
  2080 | D:2      | Reached XP level 3. HP: 10/28 MP: 8/8
  2473 | D:2      | Learned a level 2 spell: Wereblood
  2477 | D:2      | Learned a level 3 spell: Spider Form
  2890 | D:3      | Found a large runed translucent door.
  2891 | D:3      | Found a large runed translucent door.
  2894 | D:3      | Noticed anonymous's ghost (weakling TeAE)
  3378 | D:3      | Reached XP level 4. HP: 30/36 MP: 8/10
  3460 | D:3      | Killed Jessica
  3461 | D:3      | Reached skill level 3 in Transmutations
  3928 | D:4      | Noticed a phantom
  3947 | D:4      | Killed a phantom
  3948 | D:4      | Reached skill level 1 in Poison Magic
  3948 | D:4      | Reached XP level 5. HP: 10/41 MP: 8/11
  4400 | D:4      | Noticed Natasha
  4405 | D:4      | Killed Natasha
  4776 | D:4      | Noticed Natasha
  4784 | D:4      | Killed Natasha
  4824 | D:4      | Noticed Natasha
  4831 | D:4      | Killed Natasha
  5286 | D:4      | Identified the +1 leather armour "Faduinli" {Harm Rampage
                  | rCorr Dex-3}
  5442 | D:5      | Entered Level 5 of the Dungeon
  5461 | D:5      | Found a sand-covered staircase.
  5557 | D:5      | Found a runed translucent door.
  5559 | D:5      | Noticed kae's ghost (novice DgFE)
  5560 | D:5      | Noticed a two-headed ogre
  5608 | Ossuary  | Entered an ossuary
  5673 | Ossuary  | Reached XP level 6. HP: 50/50 MP: 13/13
  5987 | Ossuary  | Learned a level 4 spell: Ice Form
  6029 | Ossuary  | Noticed a flying skull
  6029 | Ossuary  | Noticed a wraith
  6038 | Ossuary  | Noticed a flying skull
  6069 | Ossuary  | Noticed a flying skull
  6177 | Ossuary  | Noticed a wraith
  6190 | Ossuary  | Killed a wraith
  6191 | Ossuary  | Reached skill level 4 in Transmutations
  6191 | Ossuary  | Reached skill level 1 in Ice Magic
  6457 | Ossuary  | Noticed a flying skull
  6533 | Ossuary  | Reached XP level 7. HP: 56/56 MP: 10/15
  6578 | Ossuary  | Noticed a wraith
  6582 | Ossuary  | Killed a wraith
  7092 | D:5      | Reached skill level 5 in Transmutations
  7620 | D:5      | Reached XP level 8. HP: 63/63 MP: 11/16
  8923 | D:6      | Reached skill level 6 in Transmutations
  9041 | D:6      | Found the ring of Shadows {Umbra +Inv Stlth+}
  9270 | D:6      | Found Kiry's General Store.
  9318 | D:6      | Reached skill level 5 in Unarmed Combat
 10011 | D:7      | Found a staircase to the Ecumenical Temple.
 10141 | D:7      | Reached XP level 9. HP: 72/72 MP: 15/19
 10518 | D:7      | Reached skill level 5 in Ice Magic
 10555 | D:7      | Identified the +2 robe "Meshrune" {Slay+2}
 10697 | D:7      | Noticed a gargoyle
 10712 | Temple   | Entered the Ecumenical Temple
 10832 | D:7      | Reached skill level 7 in Transmutations
 11080 | D:7      | Reached skill level 5 in Spellcasting
 11084 | D:7      | Reached skill level 5 in Fighting
 11647 | D:7      | Killed a gargoyle
 11997 | D:7      | Identified a scroll of acquirement
 11997 | D:7      | Acquired 829 gold pieces
 12578 | D:8      | Reached skill level 8 in Transmutations
 12857 | D:8      | Found a staircase to the Lair.
 13408 | D:9      | Reached XP level 10. HP: 76/81 MP: 19/22
 13756 | D:9      | Noticed a two-headed ogre
 13771 | D:9      | Killed a two-headed ogre
 14089 | D:9      | Reached skill level 9 in Transmutations
 15567 | D:10     | Entered Level 10 of the Dungeon
 15596 | D:10     | Found Zin's Purification Station.
 16816 | Lair:1   | Entered Level 1 of the Lair of Beasts
 16858 | Lair:1   | Reached XP level 11. HP: 91/91 MP: 21/24
 17191 | Lair:1   | Reached skill level 10 in Transmutations
 18476 | Lair:2   | Noticed a seven-headed hydra
 18812 | Lair:2   | Noticed a catoblepas
 18822 | Lair:2   | Killed a catoblepas
 19196 | Lair:2   | Killed a seven-headed hydra
 20031 | Lair:3   | Noticed a five-headed hydra
 20042 | Lair:3   | Killed a five-headed hydra
 20501 | Lair:3   | Reached skill level 11 in Transmutations
 20700 | Lair:3   | Found a hole to the Spider Nest.
 20828 | Lair:3   | Noticed a death yak
 20852 | Lair:3   | Noticed a death yak
 20853 | Lair:3   | Noticed a death yak
 20853 | Lair:3   | Noticed a death yak
 20883 | Lair:3   | Killed a death yak
 20972 | Lair:3   | Found a runed translucent gate.
 20972 | Lair:3   | Found a runed translucent gate.
 20973 | Lair:3   | Found a runed translucent gate.
 20975 | Lair:3   | Noticed Vias's ghost (journeyman DsWn)
 21406 | Lair:3   | Killed a death yak
 21407 | Lair:3   | Reached XP level 12. HP: 52/101 MP: 27/27
 21974 | Lair:4   | Noticed a four-headed hydra
 21987 | Lair:4   | Killed a four-headed hydra
 22065 | Lair:4   | Noticed a five-headed hydra
 22076 | Lair:4   | Killed a five-headed hydra
 22150 | Lair:4   | Found the +1 robe of Vines {NoPotionHeal Regen++++}
 22437 | Lair:4   | Noticed Sonja
 22486 | Lair:4   | You fall into a shaft and drop 2 floors!
 22486 | Lair:6   | Entered Level 6 of the Lair of Beasts
 22499 | Lair:6   | Demolished by a komodo dragon

Illustrated notes

Levels and vault maps discovered:
D:1:      minmay_arrival_hallway, layout_basic
D:2:      layout_basic, hellmonk_ecumenical_altar_arch_garden
D:3:      layout_loops_ring, tgw_xom, ebering_ghost_disaster_area, uniq_jessica
D:4:      layout_loops_corners, minmay_misc_feat_iff, uniq_natasha
D:5:      layout_loops_corners, lightli_ossuary_entry_decrepit_ruins,
          ebering_ghost_inner_flame
D:6:      layout_loops_ring, nicolae_hepliaklqana_hippocampus,
          grunt_temple_overflow_open, lightli_sewer_entry_pipes, serial_shops,
          nicolae_shop_behind_doors, grunt_ministairs_10, minivault_26
D:7:      hangedman_cross_stitches, layout_loops_corners,
          minmay_temple_entry_ruins
D:8:      layout_cave_pods, amcnicky_altar_gilded, lair_entry_dummy,
          corexii_corridor_pit
D:9:      layout_irregular_city, chequers_jeans
D:10:     layout_roguey, zin_purify, lemuel_coloured_pillars_altar,
          nicolae_dithmenos_through_a_glass_darkly, minmay_radiant
Temple:   nicolae_temple_figure_eight
Lair:1:   layout_roguey, serial_bayou_pond_b, beast_lair_carwin_1
Lair:2:   layout_long_grid
Lair:3:   layout_roguey, dummy_spider_entry, gammafunk_ghost_necromancy
Lair:4:   layout_gridlike, minmay_swamp_entry_worms,
          hellmonk_guarded_unrand_vines, lemuel_fruit_tree, uniq_sonja
Lair:6:   gammafunk_lair_ancient_temple, layout_loops_ring, serial_bayou_shore_a

Skill      XL: |  1  2  3  4  5  6  7  8  9 10 11 12 |
---------------+-------------------------------------+-----
Fighting       | 1 2 3 4 5 6 7 |  7.6
Transmutations | 2 3 4 5 6 8 9 11 | 11.0
Spellcasting   | 2 3 4 5 6 7 8 |  8.0
Unarmed Combat | 3 4 5 6 7 8 |  8.1
Poison Magic   | 1 2 |  2.0
Ice Magic      | 1 3 4 5 6 8 |  8.0
Dodging        | 2 4 |  4.7

Action                   |  1- 3 |  4- 6 |  7- 9 | 10-12 || total
-------------------------+-------+-------+-------+-------++-------
Melee: Unarmed           |   114 |   121 |   288 |   385 ||   908
       Kick              |    17 |     8 |       |       ||    25
       Headbutt          |     8 |     5 |       |       ||    13
       Punch             |     1 |       |     1 |       ||     2
 Cast: Beastly Appendage |    32 |     6 |     1 |       ||    39
       Spider Form       |       |    17 |     3 |       ||    20
       Wereblood         |       |     2 |     2 |    13 ||    17
       Ice Form          |       |     3 |    40 |    48 ||    91
  Use: Scroll            |     1 |    11 |    11 |     6 ||    29
       Potion            |       |       |       |     1 ||     1
 Stab: Sleeping          |     1 |     3 |     1 |     4 ||     9
       Distracted        |       |       |       |     1 ||     1
Armor: Robe              |    23 |     6 |     8 |       ||    37
       Skin              |       |     7 |    77 |   145 ||   229
Dodge: Dodged            |    74 |    79 |   144 |   236 ||   533

Table legend: (Time is in decaauts)
 A = Elapsed time spent in this place.
 B = Non-inter-level travel time spent in this place.
 C = Inter-level travel time spent in this place.
 D = Time resting spent in this place.
 E = Time spent auto-exploring this place.
 F = Levels seen in this place.
 G = Mean time per level.
                   A        B        C        D        E       F      G
               +--------+--------+--------+--------+--------+-----+--------+
         Total |  22468 |  21831 |    637 |   2366 |  16768 |  17 | 1321.6 |
       Dungeon |  15619 |  15070 |    549 |    934 |  12450 |  10 | 1561.9 |
        Temple |    110 |    110 |      0 |    107 |      0 |   1 |  110.0 |
          Lair |   5650 |   5562 |     88 |    754 |   4084 |   5 | 1130.0 |
       Ossuary |   1087 |   1087 |      0 |    571 |    233 |   1 | 1087.0 |
               +--------+--------+--------+--------+--------+-----+--------+

Top non-repeatable levels by time:
     D:9: 2223 daAuts
     D:7: 2105 daAuts
     D:5: 2063 daAuts
  Lair:3: 1940 daAuts
  Lair:2: 1567 daAuts
  Lair:1: 1559 daAuts
     D:4: 1528 daAuts
     D:6: 1405 daAuts
     D:1: 1315 daAuts
     D:2: 1307 daAuts
     D:3: 1280 daAuts
     D:8: 1218 daAuts
    D:10: 1171 daAuts
 Ossuary: 1087 daAuts
  Lair:4: 571 daAuts
